 Dungeon Crawl Stone Soup version 0.28-a0-1444-g6c55d0bc0c (webtiles) character file.

Game seed: 330457273525657916

54865 Deminshera the Umbral (level 14, -22/76 (120) HPs)
             Began as a Demonspawn Monk on Jan 10, 2022.
             Was an Elder of Dithmenos.
             Annihilated by a hell knight simulacrum (26 damage)
             ... animated by a necromancer
             ... on level 2 of the Abyss.
             The game lasted 00:40:49 (28781 turns).

Deminshera the Umbral (Demonspawn Monk)            Turns: 28781, Time: 00:40:50

HP:   -22/76 (120)  AC: 20    Str: 14    XL:     14   Next: 36%
MP:   24/24         EV: 14    Int: 12    God:    Dithmenos [****..]
Gold: 1028          SH: 15    Dex: 16    Spells: 13/13 levels left

rFire   + . .      SeeInvis .   y - +3 sling "Punk" {acid, rCorr}
rCold   . . .      Faith    .   S - +0 kite shield
rNeg    . . .      Spirit   .   F - +1 scale mail {rF+}
rPois   .          Reflect  +   r - +2 helmet
rElec   .          Harm     .   h - +0 cloak
rCorr   +          Rampage  .   V - +0 pair of gloves
Will    +....      Clarity  +   (boots unavailable)
Stlth   +.........              G - amulet of reflection
HPRegen 0.22/turn               U - +4 ring of slaying
MPRegen 0.19/turn               O - +4 ring of protection

@: mighty, agile, wreathed by umbra, very heavily drained
A: hooves 3, icy blue scales 1, foul stench 3, powered by pain 1, clarity, weak
1
a: Renounce Religion, Shadow Step


You were on level 2 of the Abyss.
You worshipped Dithmenos.
Dithmenos was greatly pleased with you.
You visited 3 branches of the dungeon, and saw 20 of its levels.
You visited the Abyss 1 time.
You also visited: Bailey and Volcano.

You collected 2156 gold pieces.
You spent 1128 gold pieces at shops.

Inventory:

Hand Weapons
 y - the +3 sling "Punk" (weapon) {acid, rCorr}
   (You acquired it on level 11 of the Dungeon)

   Any ammunition fired from it is coated in acid, damaging and corroding those
   it strikes.
   rCorr:     It protects you from acid and corrosion.
 B - a +0 broad axe of flaming
 D - a +0 broad axe of freezing
Missiles
 d - 290 stones (quivered ammo)
 j - 221 sling bullets
Armour
 h - a +0 cloak (worn)
 r - a +2 helmet (worn)
 F - a +1 scale mail of fire resistance (worn)
 L - a +3 chain mail
 S - a +0 kite shield (worn)
 V - a +0 pair of gloves (worn)
Jewellery
 m - a ring of poison resistance
 q - a +4 ring of evasion
 G - an amulet of reflection (around neck)
 O - a +4 ring of protection (right hand)
 U - a +4 ring of slaying (left hand)
Wands
 e - a wand of acid (5)
 g - a wand of paralysis (11)
 o - a wand of mindburst (9)
 A - a wand of flame (65)
 Q - a wand of polymorph (5)
 X - a wand of digging (13)
Scrolls
 a - 3 scrolls of amnesia
 c - 3 scrolls of fear
 i - 2 scrolls of vulnerability
 l - 3 scrolls of blinking
 n - 7 scrolls of teleportation
 p - 2 scrolls of brand weapon
 w - 2 scrolls of magic mapping
 x - 7 scrolls of identify
 z - 2 scrolls of fog
 C - a scroll of enchant armour
 R - 2 scrolls of enchant weapon
Potions
 b - 4 potions of lignification
 f - 9 potions of flight
 k - 2 potions of mutation
 s - 7 potions of ambrosia
 t - 5 potions of attraction
 v - a potion of resistance
 E - 4 potions of invisibility
 I - 3 potions of berserk rage
 J - a potion of cancellation {unknown}
 N - 5 potions of curing
 P - 3 potions of brilliance
 T - 2 potions of might
Miscellaneous
 u - a phantom mirror
 K - a condenser vane


   Skills:
 - Level 14.0 Fighting
 - Level 2.7 Maces & Flails
 - Level 14.0 Slings
 - Level 5.0 Armour
 - Level 3.0 Dodging
 - Level 2.0 Stealth
 + Level 6.8 Shields
 + Level 14.4 Invocations
 - Level 5.0 Evocations


You had 13 spell levels left.
You didn't know any spells.
Your spell library contained the following spells:

 Spells                   Type           Power      Damage    Failure   Level
 Animate Skeleton         Necr           0%         N/A       98%         1
 Foxfire                  Conj/Fire      0%         2x1d4     98%         1
 Pain                     Necr           0%         1d4       98%         1
 Blink                    Tloc           0%         N/A       99%         2
 Scorch                   Fire           0%         2d5       99%         2
 Conjure Flame            Conj/Fire      0%         6-21      100%        3
 Gell's Gravitas          Tloc           0%         N/A       100%        3
 Ignite Poison            Fire/Tmut/Pois 0%         N/A       100%        3
 Inner Flame              Hex/Fire       0%         N/A       100%        3
 Lesser Beckoning         Tloc           0%         N/A       100%        3
 Mephitic Cloud           Conj/Pois/Air  0%         N/A       100%        3
 Stone Arrow              Conj/Erth      0%         3d7       100%        3
 Teleport Other           Tloc           0%         N/A       100%        3
 Tukima's Dance           Hex            0%         N/A       100%        3
 Vampiric Draining        Necr           0%         2d6       100%        3
 Cause Fear               Hex            0%         N/A       100%        4
 Flame Wave               Conj/Fire      0%         2d4       100%        4
 Hailstorm                Conj/Ice       0%         3d3       100%        4
 Ice Form                 Ice/Tmut       0%         N/A       100%        4
 Olgreb's Toxic Radiance  Pois           0%         N/A       100%        4
 Passage of Golubria      Tloc           0%         N/A       100%        4
 Borgnjor's Vile Clutch   Necr/Erth      0%         N/A       100%        5
 Freezing Cloud           Conj/Ice/Air   0%         6-21      100%        5
 Manifold Assault         Tloc           0%         N/A       100%        5
 Summon Forest            Summ/Tloc      0%         N/A       100%        5
 Yara's Violent Unravell  Hex/Tmut       0%         3d3       100%        5
 Dispersal                Tloc           0%         N/A       100%        6
 Eringya's Noxious Bog    Tmut/Pois      0%         N/A       100%        6
 Simulacrum               Ice/Necr       0%         N/A       100%        6
 Summon Cactus Giant      Summ           0%         N/A       100%        6
 Dragon Form              Tmut           0%         N/A       100%        7
 Ozocubu's Refrigeration  Ice            0%         4d5       100%        7
 Storm Form               Tmut/Air       0%         N/A       100%        7
 Summon Hydra             Summ           0%         N/A       100%        7
 Discord                  Hex            0%         N/A       100%        8
 Ignition                 Fire           0%         3d3       100%        8


Dungeon Overview and Level Annotations

Branches:
Dungeon (13/15)            Temple (1/1) D:7            Lair (6/6) D:8
  Swamp (0/4) Lair:4       Spider (0/4) Lair:2        Slime (0/5) Lair:5
    Orc (0/2) D:12         Bailey (visited)         Volcano (visited)
 Vaults: D:13-14

Altars:
Dithmenos
Elyvilon
Hepliaklqana
Kikubaaqudgha
Nemelex Xobeh
Qazlal
Ru
Sif Muna
Trog
Uskayaw
Vehumet
Wu Jian
Xom
Zin
The Shining One

Shops:
D:3 !   D:5 =

Annotations:
Lair:3 2 transporters, Foggup's ghost, journeyman DDFi


Innate Abilities, Weirdness & Mutations

You have hooves in place of feet.
You are partially covered in icy blue scales. (AC +2)
You frequently emit foul miasma when damaged in melee.
You sometimes gain a little power by taking damage.
You possess an exceptional clarity of mind.
You are weak. (Str -2)


Message History

The hell knight simulacrum is almost destroyed.
Your shadow shoots a stone.
The stone barely misses the hell knight simulacrum.
You block the hell knight simulacrum's attack.
Fire: 293 stones
Press: ? - help, Q - select action, (/) - cycle Shift-Dir - straight line, f/p - hell knight simulacrum
Aim: a hell knight simulacrum (almost destroyed, covered in acid, umbra, 86% to hit)
You shoot a stone.
The stone hits the hell knight simulacrum!
The hell knight simulacrum vaporises!
You block the small abomination's attack.
A chaos spawn comes into view.
Fire: 292 stones
Press: ? - help, Q - select action, (/) - cycle Shift-Dir - straight line, f - small abomination
Aim: a small abomination (umbra, 79% to hit)
You shoot a stone. The chaos spawn's lion head roars!
The stone hits the small abomination but does no damage.
The small abomination is splashed with acid!
The acid corrodes the small abomination!
The small abomination is moderately damaged.
Your shadow shoots a stone.
The stone hits the small abomination.
The small abomination hits you!
* * * LOW HITPOINT WARNING * * *
You block the hell knight simulacrum's attack.
Fire: 291 stones
Press: ? - help, Q - select action, (/) - cycle Shift-Dir - straight line, f/p - small abomination
Aim: a small abomination (translocational energy, moderately damaged, covered in acid, umbra, 79% to hit)
You shoot a stone. The stone hits the small abomination!
The small abomination is splashed with acid.
The small abomination seems to be corroded for longer.
The small abomination is almost destroyed.
Your shadow shoots a stone.
The stone hits the small abomination!
You destroy the small abomination!
That felt strangely unrewarding.
Dithmenos accepts your kill. The hell knight simulacrum hits you.
* * * LOW HITPOINT WARNING * * *
The hell knight simulacrum freezes you!!
You die...

# ## ... .. ( .
..§# . #4# #..
.##. .##§#§(.( #
..#..##§#Z.(# .
.# .#§§@Z# . .
#...#○.....# .
.#....#.#.#..##.
#.... .. #. ..#
#. #(.#... #..
.# . (. ..#. .##
.. # ##.#.# ## .
... ###.# .


You could see a chaos spawn and 2 hell knight simulacra.

Vanquished Creatures
  Rupert (D:12)
  A cacodemon (Abyss:2)
  A red draconian (Volcano)
  An eidolon (Abyss:2)
  A fire dragon (Lair:6)
  Fannar (D:9)
  6 hydras
  2 boulder beetles
  5 centaur warriors
  3 two-headed ogres
  A thrashing horror (Abyss:2)
  4 hell knights (Abyss:2)
  Sonja (D:12)
  Nergalle (D:12)
  A fire crab (D:9)
  A sixfirhy (Abyss:2)
  A lindwurm (Lair:5)
  A swamp dragon (Lair:6)
  3 necromancers (Abyss:2)
  An oklob plant (Lair:6)
  An ugly thing (D:12)
  A manticore (D:12)
  3 deep elf zephyrmancers (D:13)
  3 cyclopes
  A salamander (Volcano)
  7 black mambas
  Joseph (Lair:1)
  18 cane toads
  An orange demon (Abyss:2)
  6 rime drakes
  3 gargoyles
  2 unseen horrors
  8 komodo dragons
  2 trolls (D:11)
  A polar bear (Lair:6)
  An ancient zyme (Abyss:2)
  17 blink frogs
  3 slime creatures (D:12)
  3 shadows
  3 wyverns
  Eustachio (D:6)
  A water elemental (Abyss:2)
  2 wraiths
  6 basilisks
  48 yaks
  3 fire bats (Lair:3)
  A neqoxec (Abyss:2)
  A redback (Lair:2)
  2 steam dragons
  4 acid dragons
  11 orc warriors
  10 water moccasins
  A swamp drake (Lair:6)
  An ice beast (D:7)
  A sky beast (D:7)
  2 necrophages (D:4)
  A black bear (Lair:5)
  10 centaurs
  An ogre (D:6)
  15 wolves
  A phantom (D:6)
  A kobold brigand (D:8)
  10 bullfrogs
  2 scorpions (D:4)
  A water moccasin zombie (D:5)
  6 small abominations (Abyss:2)
  3 killer bees (D:10)
  7 wights
  4 howler monkeys
  4 electric eels
  4 centaur zombies
  A quasit (Abyss:2)
  5 orc priests
  2 hounds (D:4)
  2 gnoll shamans
  16 jellies
  3 bullfrog skeletons
  A centaur skeleton (D:7)
  5 orc wizards
  3 iguanas (Lair:6)
  Natasha (thrice) (D:4)
  4 hell rats (Lair:3)
  A hound skeleton (D:4)
  A howler monkey zombie (D:6)
  Robin (D:4)
  7 gnolls
  4 adders
  A shadow imp (D:8)
  A white imp (D:7)
  2 worms
  A dart slug (D:2)
  25 orcs
  2 ball pythons
  5 bats
  12 endoplasms
  A giant cockroach (D:4)
  18 goblins
  14 hobgoblins
  6 jackals
  22 kobolds
  6 quokkas
  3 frilled lizards
  4 rats
469 creatures vanquished.

Vanquished Creatures (others)
  7 fungi
  25 plants
  5 toadstools (D:1)
37 creatures vanquished.

Grand Total: 506 creatures vanquished

Notes
Turn   | Place    | Note
-------+----------+-------------------------------------------
     0 | D:1      | Deminshera the Demonspawn Monk began the quest for the Orb.
     0 | D:1      | Reached XP level 1. HP: 18/18 MP: 1/1
   319 | D:1      | Reached skill level 1 in Slings
   378 | D:1      | Gained mutation: You may rarely emit foul miasma when
                  | damaged in melee. [demonic ancestry]
   378 | D:1      | Reached XP level 2. HP: 24/24 MP: 2/2
  1263 | D:2      | Gained mutation: You sometimes emit foul miasma when
                  | damaged in melee. [demonic ancestry]
  1263 | D:2      | Reached XP level 3. HP: 29/29 MP: 3/3
  2065 | D:3      | Found Oshucioz's Distillery.
  2102 | D:3      | Bought a potion of curing for 36 gold pieces
  2305 | D:3      | Gained mutation: You have large cloven feet. [demonic
                  | ancestry]
  2305 | D:3      | Reached XP level 4. HP: 32/35 MP: 4/4
  3250 | D:4      | Reached XP level 5. HP: 41/41 MP: 5/5
  3351 | D:4      | Noticed a necrophage
  3367 | D:4      | Killed a necrophage
  3368 | D:4      | Reached skill level 5 in Slings
  3398 | D:4      | Reached XP level 6. HP: 47/47 MP: 6/6
  3474 | D:4      | Noticed Natasha
  3477 | D:4      | Killed Natasha
  3552 | D:4      | Noticed Robin
  3555 | D:4      | Killed Robin
  3664 | D:4      | Noticed a steam dragon
  3687 | D:4      | Killed a steam dragon
  3688 | D:4      | Gained mutation: You sometimes gain a little power by
                  | taking damage. [demonic ancestry]
  3688 | D:4      | Reached XP level 7. HP: 12/52 MP: 7/7
  4217 | D:4      | Identified the +6 hand axe of Mewaxoyg {holy, rElec Dex+4}
  4934 | D:4      | Noticed Natasha
  4940 | D:4      | Killed Natasha
  5074 | D:4      | Noticed Natasha
  5082 | D:4      | Killed Natasha
  5390 | D:5      | Entered Level 5 of the Dungeon
  6182 | D:5      | Found Saluocwu's Jewellery Boutique.
  6377 | D:5      | Gained mutation: You have hoof-like feet. [demonic
                  | ancestry]
  6377 | D:5      | Reached XP level 8. HP: 58/58 MP: 8/8
  6899 | D:6      | Noticed Eustachio
  6930 | D:6      | Killed Eustachio
  8410 | D:6      | Reached skill level 10 in Slings
  8799 | D:7      | Reached skill level 5 in Fighting
  9062 | D:7      | Identified the +1 robe of Umpa Fich {Dex+7}
  9070 | D:7      | Gained mutation: You frequently emit foul miasma when
                  | damaged in melee. [demonic ancestry]
  9070 | D:7      | Reached XP level 9. HP: 45/68 MP: 9/9
  9208 | D:7      | Found a staircase to the Ecumenical Temple.
  9222 | Temple   | Entered the Ecumenical Temple
  9313 | Temple   | Became a worshipper of Dithmenos the Shadowed
  9313 | Temple   | Reached * piety under Dithmenos
  9313 | Temple   | Reached ** piety under Dithmenos
  9340 | D:7      | Reached skill level 1 in Evocations
  9995 | D:8      | Found a staircase to the Lair.
 10019 | D:8      | Found a flagged portal.
 10037 | Bailey   | Entered a bailey
 10508 | Bailey   | Reached skill level 5 in Evocations
 10889 | D:8      | HP: 2/72 [orc priest/divine providence (14)]
 11325 | D:8      | Reached *** piety under Dithmenos
 11361 | D:8      | Reached skill level 1 in Shields
 12124 | D:9      | Gained mutation: You are partially covered in icy blue
                  | scales. (AC +2) [demonic ancestry]
 12124 | D:9      | Reached XP level 10. HP: 79/79 MP: 10/10
 12179 | D:9      | Noticed a two-headed ogre
 12193 | D:9      | Killed a two-headed ogre
 12687 | D:9      | Noticed a two-headed ogre
 12695 | D:9      | Killed a two-headed ogre
 12696 | D:9      | Reached skill level 5 in Shields
 12732 | D:9      | Noticed a centaur warrior
 12732 | D:9      | Noticed a cyclops
 12732 | D:9      | Noticed a centaur warrior
 12739 | D:9      | Killed a centaur warrior
 12748 | D:9      | Killed a centaur warrior
 12748 | D:9      | Killed a cyclops
 12749 | D:9      | Reached XP level 11. HP: 57/84 MP: 11/11
 13078 | D:9      | Noticed a seven-headed hydra
 13078 | D:9      | Noticed a fire crab
 13145 | D:9      | Killed a seven-headed hydra
 13362 | D:9      | Killed a fire crab
 13923 | D:10     | Entered Level 10 of the Dungeon
 13925 | D:10     | Noticed Fannar
 13944 | D:9      | Killed Fannar
 14661 | D:10     | Noticed a two-headed ogre
 14666 | D:10     | Killed a two-headed ogre
 14844 | D:10     | Identified the +0 ring mail of Dishonour {rN+}
 15238 | D:9      | Identified the +0 triple crossbow "Ceubuatroa" {flame, rN+
                  | Str+3 Int-5 Dex+4}
 15239 | D:9      | Identified the +1 long sword "Mabi" {vamp, Dex+4}
 15328 | D:11     | Noticed a boulder beetle
 15355 | D:11     | Killed a boulder beetle
 15675 | D:11     | Reached **** piety under Dithmenos
 16291 | D:11     | Identified a scroll of acquirement
 16291 | D:11     | Acquired the +3 sling "Punk" {acid, rCorr}
 16291 | D:11     | Found the +3 sling "Punk" {acid, rCorr}
 16367 | Lair:1   | Entered Level 1 of the Lair of Beasts
 16453 | Lair:1   | Noticed a six-headed hydra
 16461 | Lair:1   | Killed a six-headed hydra
 16462 | Lair:1   | Reached skill level 10 in Fighting
 16462 | Lair:1   | Gained mutation: You have hooves in place of feet. [demonic
                  | ancestry]
 16462 | Lair:1   | Reached XP level 12. HP: 73/97 MP: 12/12
 16604 | Lair:1   | Reached skill level 1 in Armour
 16691 | Lair:1   | Noticed Joseph
 16698 | Lair:1   | Killed Joseph
 16817 | Lair:1   | Noticed a five-headed hydra
 16823 | Lair:1   | Killed a five-headed hydra
 17411 | Lair:2   | Reached skill level 5 in Armour
 17503 | Lair:2   | Reached skill level 1 in Invocations
 17722 | Lair:2   | Found a hole to the Spider Nest.
 17728 | Lair:2   | Reached skill level 5 in Invocations
 17830 | Lair:2   | Noticed a five-headed hydra
 17839 | Lair:2   | Killed a five-headed hydra
 18692 | Lair:3   | Reached skill level 10 in Invocations
 18744 | Lair:3   | Found a bloodstained altar of Trog.
 18744 | Lair:3   | Noticed Foggup's ghost (journeyman DDFi)
 19149 | Lair:3   | Reached ***** piety under Dithmenos
 19169 | Lair:3   | Reached XP level 13. HP: 106/106 MP: 20/20
 19233 | Lair:3   | Found a transporter.
 19287 | Lair:3   | Found a transporter.
 20373 | Lair:4   | Found a staircase to the Swamp.
 21293 | Lair:5   | Found a dark tunnel.
 21298 | Volcano  | Entered a volcano
 21434 | Volcano  | Noticed a red draconian
 21442 | Volcano  | Killed a red draconian
 22048 | Lair:5   | Found a staircase to the Slime Pits.
 23098 | Lair:6   | Entered Level 6 of the Lair of Beasts
 23739 | Lair:6   | Noticed a fire dragon
 25028 | Lair:6   | Killed a fire dragon
 25029 | Lair:6   | Reached XP level 14. HP: 99/120 MP: 23/23
 25412 | D:12     | Found a staircase to the Orcish Mines.
 25439 | D:12     | Noticed Sonja
 25451 | D:12     | Killed Sonja
 25724 | D:12     | Noticed Rupert
 25737 | D:12     | Killed Rupert
 26712 | D:5      | Bought a +4 ring of slaying for 1092 gold pieces
 27011 | D:12     | Found a stormy altar of Qazlal.
 27078 | D:12     | Noticed Nergalle
 27085 | D:12     | Killed Nergalle
 28338 | D:13     | Got the Volume of Dhcmrlchtdj
 28354 | D:13     | Got Sif Muna's Papyrus of Plaster Cramp
 28372 | D:13     | Cast into level 2 of the Abyss (a wizard)
 28549 | Abyss:2  | Noticed a cacodemon
 28557 | Abyss:2  | Gained mutation: You possess an exceptional clarity of
                  | mind. [a cacodemon]
 28560 | Abyss:2  | Gained mutation: You are weak. (Str -2) [a cacodemon]
 28562 | Abyss:2  | Killed a cacodemon
 28781 | Abyss:2  | Annihilated by a hell knight simulacrum

Illustrated notes

Levels and vault maps discovered:
D:1:      ldierk_walled_garden, layout_basic
D:2:      layout_loops_ring, grunt_decor_resistance
D:3:      minmay_general_purpose_star, layout_loops_ring, serial_shops, shop,
          minmay_cut_off
D:4:      layout_loops_corners, minmay_pentomino_pile, uniq_robin, uniq_natasha
D:5:      layout_gridville, serial_shops, shop
D:6:      layout_basic, uniq_eustachio
D:7:      layout_rooms, temple_statues
D:8:      layout_rooms, dpeg_oklobed_lair, enter_bailey_3
D:9:      minmay_shrinking_squares, layout_long_grid
D:10:     layout_basic, tso_altar, uniq_fannar
D:11:     layout_cave_pools
D:12:     layout_grid_maze, orc_0_dummy, grunt_qazlal_clouds, uniq_nergalle,
          uniq_rupert, uniq_sonja
D:13:     layout_roguey, ximxim_vaults_locker_room, bh_hangedman_babel_library,
          uniq_maurice
Temple:   mainiacjoe_temple_archimedes_tessellation
Lair:1:   layout_roguey, uniq_joseph
Lair:2:   layout_cellular_growth, spider_nest_entry_a, serial_bayou_shore_a,
          grunt_megastairs_2, lemuel_fruit_fields
Lair:3:   layout_gridlike, gammafunk_ghost_wrathful_warriors, grunt_megastairs_4
Lair:4:   layout_cave_pods, swamp_mist_pool, lemuel_fruit_tree,
          infiniplex_staircase_pool
Lair:5:   layout_cave_pods, minmay_slime_entry_jelly_boxes, enter_volcano_4,
          st_stairs_9
Lair:6:   wormcave, layout_long_grid, guppyfry_lair_end_dragon,
          serial_bayou_ford_a
Abyss:2:  base: Lair:5, minivault_20

Skill      XL: |  1  2  3  4  5  6  7  8  9 10 11 12 13 14 |
---------------+-------------------------------------------+-----
Stealth        | 2 |  2.0
Slings         | 1 2 3 4 5 6 8 10 12 14 | 14.0
Fighting       | 5 7 10 11 14 | 14.0
Dodging        | 3 |  3.0
Evocations     | 5 |  5.0
Shields        | 1 5 6 |  6.8
Armour         | 5 |  5.0
Invocations    | 10 13 14 | 14.4
Maces & Flails | |  2.7

Action                   |  1- 3 |  4- 6 |  7- 9 | 10-12 | 13-15 || total
-------------------------+-------+-------+-------+-------+-------++-------
Melee: Mace              |    15 |       |       |       |       ||    15
       Fustibalus        |       |       |       |       |     1 ||     1
 Fire: Hunting sling     |    92 |   125 |   400 |       |       ||   617
       Fustibalus        |       |       |    50 |   587 |   717 ||  1354
Throw: Javelin           |       |     2 |       |       |       ||     2
       Boomerang         |       |       |    75 |       |       ||    75
Invok: Shadow Form       |       |       |       |       |     2 ||     2
Evoke: Wand              |       |     2 |     8 |       |       ||    10
       Condenser vane    |       |       |       |     1 |       ||     1
  Use: Potion            |       |       |     4 |       |     3 ||     7
       Scroll            |       |       |    12 |    10 |     8 ||    30
Armor: Robe              |     7 |       |       |       |       ||     7
       Leather armour    |     1 |       |    32 |       |       ||    33
       Ring mail         |     6 |    14 |    21 |       |       ||    41
       Chain mail        |       |       |     3 |   158 |    43 ||   204
       Scale mail        |       |       |       |       |    77 ||    77
Dodge: Dodged            |    62 |    24 |   159 |    77 |    73 ||   395
Block: Buckler           |       |       |       |    45 |    25 ||    70
       Reflection        |       |       |       |       |     8 ||     8
       Kite shield       |       |       |       |       |    91 ||    91

Table legend: (Time is in decaauts)
 A = Elapsed time spent in this place.
 B = Non-inter-level travel time spent in this place.
 C = Inter-level travel time spent in this place.
 D = Time resting spent in this place.
 E = Time spent auto-exploring this place.
 F = Levels seen in this place.
 G = Mean time per level.
                   A        B        C        D        E       F      G
               +--------+--------+--------+--------+--------+-----+--------+
         Total |  28492 |  26736 |   1756 |   6463 |  16399 |  23 | 1238.8 |
       Dungeon |  18302 |  16898 |   1404 |   5289 |   9399 |  13 | 1407.8 |
        Temple |    106 |     87 |     19 |      0 |     74 |   1 |  106.0 |
          Lair |   8677 |   8344 |    333 |    975 |   6280 |   6 | 1446.2 |
         Abyss |    389 |    389 |      0 |    114 |    155 |   1 |  389.0 |
        Bailey |    811 |    811 |      0 |     84 |    366 |   1 |  811.0 |
       Volcano |    204 |    204 |      0 |      0 |    125 |   1 |  204.0 |
               +--------+--------+--------+--------+--------+-----+--------+

Top non-repeatable levels by time:
  Lair:6: 2159 daAuts
    D:12: 2142 daAuts
     D:9: 2045 daAuts
     D:4: 1859 daAuts
     D:3: 1843 daAuts
  Lair:5: 1687 daAuts
     D:6: 1570 daAuts
     D:5: 1535 daAuts
     D:8: 1485 daAuts
  Lair:3: 1418 daAuts
     D:7: 1247 daAuts
  Lair:2: 1229 daAuts
  Lair:4: 1225 daAuts
    D:11: 1177 daAuts
     D:1: 1128 daAuts
